 Dungeon Sprint DCSS version 0.31-a0-931-g7b59d4eb97 (webtiles) character file.

Game seed: 15809717417427540563

2577 sircluck the Grappler (level 9, -5/105 HPs)
             Began as a Troll Berserker on Oct 19, 2023.
             Was a High Priest of Trog.
             Slain by a sun demon (18 damage)
             ... summoned by an orc high priest
             ... in the Dungeon (Sprint VII: "The Pits").
             The game lasted 00:03:31 (1079 turns).

sircluck the Grappler (Troll Berserker)             Turns: 1079, Time: 00:03:32

Health: -5/105     AC:  4    Str: 31    XL:     9   Next: 32%
Magic:  8/8        EV: 14    Int:  6    God:    Trog [*****.]
Gold:   0          SH:  0    Dex: 12    Spells: 8/8 levels left

rFire   . .          .
                       - Unarmed
rCold   . . .        (no shield)
rNeg    . . .        a - +0 animal skin
rPois   .            (helmet restricted)
rElec   .            (no cloak)
rCorr   .            (gloves unavailable)
SInv    .            (boots unavailable)
Will    .....        (no amulet)
Stlth   +            l - +3 ring of dexterity
HPRegen 1.17/turn    k - +3 ring of intelligence
MPRegen 0.11/turn

%: no teleportation
@: no status effects
A: large, unfitting armour, claws 3, regeneration 1, shaggy fur 1, tough skin 1
a: Renounce Religion, Berserk, Trog's Hand, Brothers in Arms


You were in the Dungeon.
You worshipped Trog.
Trog was extremely pleased with you.
You visited 1 branch

Inventory:

Armour
 a - a +0 animal skin (worn)
Jewellery
 k - a +3 ring of intelligence (right claw)
 l - a +3 ring of dexterity (left claw)
Scrolls
 g - a scroll of blinking
 i - 2 scrolls of vulnerability
 j - a scroll of butterflies
Potions
 b - 8 potions of curing
 c - 8 potions of heal wounds
 d - a potion of haste
 e - 4 potions of magic
 f - 3 potions of berserk rage
 h - 2 potions of invisibility
 m - 3 potions of resistance


   Skills:
 + Level 11.0 Fighting
 + Level 10.9 Dodging
 + Level 12.8 Unarmed Combat


You had 8 spell levels left.
You didn't know any spells.
Your spell library was empty.

Dungeon Overview and Level Annotations

Branches:
Dungeon (1/1)

Altars:
Ashenzari
Cheibriados
Dithmenos
Elyvilon
Fedhas
Gozag
Hepliaklqana
Kikubaaqudgha
Makhleb
Nemelex Xobeh
Okawaru
Qazlal
Ru
Sif Muna
Trog
Uskayaw
Vehumet
Wu Jian
Xom
Yredelemnul
Zin
The Shining One
Jiyva
Lugonu


Innate Abilities, Weirdness & Mutations

You are too large for most types of armour.
You have claws for hands.
Your natural rate of healing is unusually fast.
You are covered in fur. (AC +1)
You have tough skin. (AC +1)


Message History

The orc high priest invokes the aid of Beogh against you.
Beogh smites you! The orc hits you with a +0 short sword.
You closely miss the sun demon.
The orc shouts!
The sun demon misses you. The orc hits you with a +0 short sword.
The orc high priest barely misses you.
You mangle the sun demon!!
The sun demon is severely wounded.
The sun demon closely misses you.
A ball python comes into view.
The ball python hisses angrily.
You scratch the sun demon. Your claw misses the sun demon.
The sun demon is severely wounded.
The sun demon misses you.
The orc high priest invokes the aid of Beogh against you.
Beogh smites you! The orc hits you with a +0 short sword.
You closely miss the sun demon.
The sun demon is severely wounded.
The sun demon hits you!
You are engulfed in flames!
The orc closely misses you.
The orc high priest hits you from afar with a +0 halberd!
You are too injured to fight recklessly!
You are too injured to fight recklessly!
You are too injured to fight recklessly!
You are too injured to fight recklessly!
You are too injured to fight recklessly!
You are too injured to fight recklessly!
You are too injured to fight recklessly!
Unknown command.
Your deep troll goes berserk!
The warg misses you. The sun demon misses you.
A gargoyle comes into view. It is wielding a +0 morningstar.
The warg closely misses you.
The orc high priest hits you from afar with a +0 halberd.
The orc hits you with a +0 short sword.
Unknown command.
The sun demon attacks as it pursues you!
The sun demon hits you!!
* * * LOW HITPOINT WARNING * * *
You are engulfed in flames!!
You die...

...'................+
####......#..#......#
..##................#
))#####'#####''######
))##.......##''######
))##.......##........
[[##.......##........
'###...<...##.h#####.
..##.......##.o3@..#
..##.......##o.#)T.#
####.......##o.#...#
..###########.S#####
.############.9....o.#
÷#....#.![[##.....ooo#
)#....#!.[[###+###...#
.÷....'..))# o.#
'#....#..))# .h


You could see an orc high priest, a sun demon (summoned), a warg, 2 orcs and a
friendly deep troll (summoned, berserk).

Vanquished Creatures
  A demonic crawler (D)
  Pikel (D)
  A hellwing (D)
  A polar bear (D)
  A jumping spider (D)
  A basilisk (D)
  A floating eye (D)
  A water moccasin (D)
  An ice beast (D)
  A wolf (D)
  A lemure (D)
  A scorpion (D)
  A crimson imp (D)
  2 orc priests (D)
  A mummy (D)
  2 adders (D)
  A river rat (D)
  An ufetubus (D)
  An orc (D)
  A bat skeleton (D)
  3 giant cockroaches (D)
  A goblin (D)
  2 jackals (D)
  A ball python (D)
  2 bats (D)
  A kobold (D)
32 creatures vanquished.

Vanquished Creatures (collateral kills)
  An orange demon (D)
1 creature vanquished.

Grand Total: 33 creatures vanquished

Notes
Turn   | Place    | Note
-------+----------+-------------------------------------------
     0 | D        | sircluck the Troll Berserker began the quest for the Orb.
     0 | D        | Reached XP level 1. HP: 22/22 MP: 0/0
   212 | D        | Reached XP level 2. HP: 31/31 MP: 1/1
   216 | D        | Found a bloodstained altar of Trog.
   216 | D        | Found a shimmering blue altar of Sif Muna.
   216 | D        | Found a viscous altar of Jiyva.
   216 | D        | Found a hazy altar of Hepliaklqana.
   216 | D        | Found an opulent altar of Gozag.
   217 | D        | Found a glowing golden altar of the Shining One.
   217 | D        | Found a glowing silver altar of Zin.
   217 | D        | Found a basalt altar of Yredelemnul.
   217 | D        | Found a shimmering altar of Xom.
   217 | D        | Found an ornate altar of the Wu Jian Council.
   217 | D        | Found a sacrificial altar of Ru.
   217 | D        | Found a stormy altar of Qazlal.
   217 | D        | Found an iron altar of Okawaru.
   217 | D        | Found a sparkling altar of Nemelex Xobeh.
   217 | D        | Found a burning altar of Makhleb.
   217 | D        | Found a blossoming altar of Fedhas.
   217 | D        | Found a white marble altar of Elyvilon.
   217 | D        | Found a shadowy altar of Dithmenos.
   217 | D        | Found a snail-covered altar of Cheibriados.
   219 | D        | Found a radiant altar of Vehumet.
   219 | D        | Found a corrupted altar of Lugonu.
   220 | D        | Found a hide-covered altar of Uskayaw.
   220 | D        | Found an ancient bone altar of Kikubaaqudgha.
   220 | D        | Found a broken altar of Ashenzari.
   260 | D        | Reached ** piety under Trog
   262 | D        | Reached skill level 4 in Unarmed Combat
   264 | D        | Noticed a floating eye
   267 | D        | Killed a floating eye
   268 | D        | Reached skill level 5 in Fighting
   268 | D        | Reached skill level 5 in Dodging
   268 | D        | Reached skill level 6 in Unarmed Combat
   268 | D        | Reached XP level 3. HP: 42/42 MP: 2/2
   268 | D        | Reached XP level 4. HP: 50/50 MP: 3/3
   278 | D        | Reached *** piety under Trog
   331 | D        | Noticed a lemure
   331 | D        | Noticed a lemure
   331 | D        | Noticed a water moccasin
   331 | D        | Noticed an ice beast
   331 | D        | Noticed Pikel
   333 | D        | Noticed a lemure
   344 | D        | Killed a lemure
   359 | D        | Killed Pikel
   359 | D        | Reached **** piety under Trog
   360 | D        | Reached skill level 9 in Unarmed Combat
   360 | D        | Reached XP level 5. HP: 63/63 MP: 4/4
   360 | D        | Reached XP level 6. HP: 72/72 MP: 5/5
   360 | D        | Reached XP level 7. HP: 80/80 MP: 6/6
   372 | D        | Reached skill level 10 in Unarmed Combat
   402 | D        | Reached ***** piety under Trog
   413 | D        | Noticed a basilisk
   417 | D        | Killed a basilisk
   427 | D        | Received a gift from Trog
   428 | D        | Reached XP level 8. HP: 72/92 MP: 7/7
   464 | D        | Noticed a jumping spider
   464 | D        | Noticed a hellwing
   476 | D        | Killed a hellwing
   477 | D        | Reached skill level 11 in Unarmed Combat
   480 | D        | Killed a jumping spider
   817 | D        | Noticed a demonic crawler
   920 | D        | Noticed an orange demon
   936 | D        | Killed a demonic crawler
   936 | D        | Killed an orange demon
   937 | D        | Reached skill level 10 in Fighting
   937 | D        | Reached skill level 10 in Dodging
   937 | D        | Reached skill level 12 in Unarmed Combat
   937 | D        | Reached XP level 9. HP: 28/102 MP: 8/8
  1015 | D        | Noticed a polar bear
  1020 | D        | Killed a polar bear
  1020 | D        | Received a gift from Trog
  1060 | D        | Noticed an orc high priest
  1072 | D        | Noticed a sun demon
  1078 | D        | Noticed a gargoyle
  1079 | D        | Slain by a sun demon

Illustrated notes

Levels and vault maps discovered:
D:        pitsprint [storerooms_1, entrance_room_1, metal_vault_8, armoury_1,
          mini_pit_1, grid_room_1, main_hall_1, silver_pit, the_coven_3,
          the_vestibule_1, steel_vault_2, golden_pit, hallway_of_sentries,
          crystal_vault_6, iron_vault_5, final_vault]

Skill      XL: |  1  2  3  4  5  6  7  8  9 |
---------------+----------------------------+-----
Fighting       | 3 5 8 9 10 11 | 11.0
Dodging        | 3 5 7 8 10 | 10.9
Unarmed Combat | 6 9 10 12 | 12.8

Action                     |  1- 3 |  4- 6 |  7- 9 || total
---------------------------+-------+-------+-------++-------
  Melee: Unarmed           |    22 |    26 |    63 ||   111
         Punch             |     1 |     1 |     1 ||     3
 Invoke: Berserk           |       |     1 |     2 ||     3
         Brothers in Arms  |       |       |     2 ||     2
    Use: Potion            |       |     2 |       ||     2
 Armour: Animal skin       |     9 |    22 |    40 ||    71
  Dodge: Dodged            |    13 |    25 |    31 ||    69

Table legend: (Time is in decaauts)
 A = Elapsed time spent in this place.
 B = Non-inter-level travel time spent in this place.
 C = Inter-level travel time spent in this place.
 D = Time resting spent in this place.
 E = Time spent auto-exploring this place.
 F = Levels seen in this place.
 G = Mean time per level.
                   A        B        C        D        E       F      G
               +--------+--------+--------+--------+--------+-----+--------+
         Total |   1091 |   1086 |      5 |    477 |    175 |   1 | 1091.0 |
       Dungeon |   1091 |   1086 |      5 |    477 |    175 |   1 | 1091.0 |
               +--------+--------+--------+--------+--------+-----+--------+

Top non-repeatable levels by time:
       D: 1091 daAuts
